 Dungeon Sprint DCSS version 0.23-a0-494-g91793a9 (webtiles) character file.

558428 emperorscorpion the Minotaur Ballista (level 22, -42/228 (233) HPs)
             Began as a Minotaur Hunter on Dec 4, 2018.
             Was the Champion of Okawaru.
             Killed from afar by Antaeus (46 damage)
             ... with a flash freeze
             ... in the Dungeon (Sprint IX: "|||||||||||||||||||||||||||||").
             The game lasted 00:42:51 (11692 turns).

emperorscorpion the Minotaur Ballista (MiHu)       Turns: 11692, Time: 00:42:52

HP:   -42/228 (233) AC: 23    Str: 35    XL:     22   Next: 21%
MP:   40/40         EV: 36    Int: 18    God:    Okawaru [******]
Gold: 1715          SH: 24    Dex: 28    Spells: 52/52 levels left

rFire    + + +     SeeInvis +   a - +5 demon trident (elec)
rCold    + . .     Gourm    .   c - +2 shield {rPois}
rNeg     + + +     Faith    .   M - +1 scale mail of Ycon {+Blink rF+ MR+}
rPois    +         Spirit   .   D - +2 hat of Responsibility {rElec rF+ Dex+6}
rElec    +         Reflect  .   K - +1 cloak of Tartarus {*Drain Str+8 Dex+7}
rCorr    .         Harm     .   b - +0 pair of gloves "Noblyeg" {Int+4 SInv}
MR       ++...     NoTele   +   x - +2 pair of boots {run}
Stlth    +++++++++.             s - amulet of Xom's Ringing Laughter {rC+ Regen+ Int+6}
HPRegen  0.88/turn              H - ring of protection from fire
MPRegen  0.27/turn              B - ring "Lyloos" {rN+++ Str+3 Dex+3 Slay+3 Stlth+}

@: heroism, finesse, quick
A: retaliatory headbutt, horns 2, clumsy 1, deformed body
}: 9/17 runes: decaying, serpentine, barnacled, slimy, elven, silver, golden,
abyssal, gossamer
a: Heroism, Finesse, Renounce Religion, Evoke Blink


You were in the Dungeon.
You worshipped Okawaru.
Okawaru was exalted by your worship.
You were not hungry.

You visited 1 branch You collected 1970 gold pieces.
You spent 255 gold pieces at shops.

Inventory:

Hand Weapons
 a - a +5 demon trident of electrocution (weapon)
Missiles
 d - 2 curare-tipped needles
 y - 7 needles of sleeping
 z - 3 javelins of returning
 F - 13 javelins
 N - 5 silver javelins (quivered)
Armour
 b - the +0 pair of gloves "Noblyeg" (worn) {Int+4 SInv}
   (You found it in the Dungeon)

   It affects your intelligence (+4).
   It lets you see invisible.
 c - a +2 shield of poison resistance (worn)
 t - +3 fire dragon scales {Xtahua}
 x - a +2 pair of boots of running (worn)
 C - the +1 plate armour "Kuddaq" {*Drain rElec rCorr Str+4}
   (Okawaru gifted it to you in the Dungeon)

   It affects your strength (+4).
   It insulates you from electricity.
   It provides partial protection from all sources of acid and corrosion.
   It causes draining when unequipped.
 D - the +2 hat of Responsibility (worn) {rElec rF+ Dex+6}
   (Okawaru gifted it to you in the Dungeon)

   It affects your dexterity (+6).
   It protects you from fire.
   It insulates you from electricity.
 K - the +1 cloak of Tartarus (worn) {*Drain Str+8 Dex+7}
   (You found it in the Dungeon)

   It affects your strength (+8).
   It affects your dexterity (+7).
   It causes draining when unequipped.
 L - a +0 pair of gloves of archery
 M - the +1 scale mail of Ycon (worn) {+Blink rF+ MR+}
   (You found it in the Dungeon)

   It protects you from fire.
   It affects your resistance to hostile enchantments.
   It lets you blink.
 R - the +2 hat of the Onion {+Inv Dex+4}
   (Okawaru gifted it to you in the Dungeon)

   It affects your dexterity (+4).
   It lets you turn invisible.
Magical Staves
 p - an uncursed staff of energy
Jewellery
 s - the amulet of Xom's Ringing Laughter (around neck) {rC+ Regen+ Int+6}
   (You found it in the Dungeon)

   [amulet of regeneration]

   It affects your intelligence (+6).
   It protects you from cold.
   It increases your rate of regeneration.
 A - the ring of the Saviour {Ice Dex+2}
   (You found it in the Dungeon)

   [ring of ice]

   It enhances your ice magic.
   It affects your dexterity (+2).
   It makes you vulnerable to fire.
   It protects you from cold.
 B - the ring "Lyloos" (right hand) {rN+++ Str+3 Dex+3 Slay+3 Stlth+}
   (You found it in the Dungeon)

   [ring of slaying]

   It affects your strength (+3).
   It affects your dexterity (+3).
   It affects your accuracy and damage with ranged weapons and melee attacks
   (+3).
   It renders you almost immune to negative energy.
   It makes you more stealthy.
 G - the ring of the Oligarchy {*Contam rPois rF+ Str+5 Dex+2}
   (You found it in the Dungeon)

   [ring of protection from fire]

   It affects your strength (+5).
   It affects your dexterity (+2).
   It protects you from fire.
   It protects you from poison.
   It causes magical contamination when unequipped.
 H - a ring of protection from fire (left hand)
 I - an uncursed ring of ice
 J - an uncursed ring of fire
 U - the ring of Sutrog {Wiz rN+ Str+3 Int+4}
   (You found it in the Dungeon)

   [ring of wizardry]

   It improves your spell success rate.
   It affects your strength (+3).
   It affects your intelligence (+4).
   It protects you from negative energy.
 V - an uncursed amulet of regeneration
 W - an uncursed ring of wizardry
 X - a +6 ring of dexterity
 Y - an uncursed ring of wizardry
Wands
 o - a wand of iceblast (2)
Scrolls
 k - 6 scrolls of blinking
 l - a scroll of immolation
 m - 12 scrolls of remove curse
 n - 2 scrolls of amnesia
 r - 2 scrolls of enchant weapon
 v - 2 scrolls of fear
 w - 4 scrolls of enchant armour
 P - 2 scrolls of fog
Potions
 e - 10 potions of curing
 g - a potion of invisibility
 h - 12 potions of haste
 i - 4 potions of magic
 j - 6 potions of heal wounds
 q - 2 potions of berserk rage
 u - 2 potions of mutation
 O - 6 potions of agility
 S - a potion of might
 T - a potion of lignification
Miscellaneous
 Z - the horn of Geryon
Comestibles
 f - 15 rations


   Skills:
 O Level 27 Fighting
   Level 14.1(19.1) Short Blades
 O Level 27 Polearms
 - Level 2.9(23.9) Staves
 O Level 27 Throwing
 O Level 27 Armour
 O Level 27 Dodging
 O Level 27 Stealth
 O Level 27 Shields
 + Level 22.5(27) Unarmed Combat
 + Level 15.7 Spellcasting
 O Level 27 Invocations
 O Level 27 Evocations


You had 52 spell levels left.
You didn't know any spells.
Your spell library was empty.

Dungeon Overview and Level Annotations

Branches:
Dungeon (1/1)

Altars:
Cheibriados
Dithmenos
Elyvilon
Fedhas
Gozag
Hepliaklqana
Kikubaaqudgha
Makhleb
Nemelex Xobeh
Okawaru
Qazlal
Ru
Sif Muna
Trog
Uskayaw
Vehumet
Wu Jian
Xom
Yredelemnul
Zin
The Shining One
Beogh
Jiyva
Lugonu

Shops:
D ?(**

Annotations:
D Antaeus


Innate Abilities, Weirdness & Mutations

You reflexively headbutt those who attack you in melee.
You have a pair of horns on your head.
You are clumsy. (Dex -2)
Armour fits poorly on your strangely shaped body.


Message History

Throwing (i - inventory. (/) - cycle)
z - 4 javelins of returning (quivered)
Press: ? - help, Shift-Dir - straight line, f/p - Antaeus
Aim: Antaeus (almost dead)
You throw a javelin of returning.
The javelin of returning barely misses Antaeus.
The javelin of returning fails to return to your pack!
You block Antaeus's attack. x2
Throwing (i - inventory. (/) - cycle)
N - 7 silver javelins (quivered)
Press: ? - help, Shift-Dir - straight line, f/p - Antaeus
Aim: Antaeus (almost dead)
You throw a silver javelin.
The silver javelin completely misses Antaeus.
Throwing (i - inventory. (/) - cycle)
N - 6 silver javelins (quivered)
Press: ? - help, Shift-Dir - straight line, f/p - Antaeus
Aim: Antaeus (almost dead)
You throw a silver javelin. The silver javelin hits Antaeus!!
Antaeus is almost dead.
Antaeus gestures at you. The flash freeze hits you! You partially resist.
You die...

▓▓▓▓▓▓▓▓▓▓▓▓▓▓▓▓▓▓▓▓▓▓▓▓▓▓▓▓▓▓▓▓▓
................@C.....(......§'.
▓▓▓▓▓▓▓▓▓▓▓▓▓▓▓▓▓▓▓▓▓▓▓▓▓▓▓▓▓▓▓▓▓
.................................
▓▓▓▓▓▓▓▓▓▓▓▓▓▓▓▓▓▓▓▓▓▓▓▓▓▓▓▓▓▓▓▓▓
......'..........'.........'[....
▓▓▓▓▓▓▓▓▓▓▓▓▓▓▓▓▓▓▓▓▓▓▓▓▓▓▓▓▓▓▓▓▓
.................................
▓▓▓♣♣♣♣♣♣♣♣♣♣♣♣▓▓▓▓▓▓▓▓▓▓▓▓▓▓▓▓▓▓
...')))))).....)())[.)))......'..


You could see Antaeus.

Vanquished Creatures
  Cerebov (D)
  the Royal Jelly (D)
  Ereshkigal (D)
  Gloorx Vloq (D)
  Lom Lobon (D)
  Mnoleg (D)
  Dispater (D)
  4 ancient liches (D)
  3 orbs of fire (D)
  Mennas (D)
  5 greater mummies (D)
  Frederick (D)
  Margery (D)
  Xtahua (D)
  A Killer Klown (D)
  Geryon (D)
  2 golden dragons (D)
  Jory (D)
  2 liches (D)
  3 tentacled monstrosities (D)
  2 electric golems (D)
  27 Orb Guardians (D)
  Rupert (D)
  3 deep elf blademasters (D)
  4 quicksilver dragons (D)
  A titan (D)
  A death cob (D)
  10 acid blobs (D)
  4 deep elf master archers (D)
  12 sphinxes (D)
  8 shadow dragons (D)
  Agnes (D)
  7 storm dragons (D)
  A tengu reaver (D)
  6 nagarajas (D)
  2 fire giants (D)
  5 azure jellies (D)
  A draconian monk (D)
  Ilsuiw (D)
  2 draconian knights (D)
  3 ghost moths (D)
  A vault warden (D)
  Louise (D)
  A frost giant (D)
  4 ironheart preservers (D)
  2 deep elf sorcerers (D)
  6 emperor scorpions (D)
  A draconian scorcher (D)
  2 draconian annihilators (D)
  3 very ugly things (D)
  2 entropy weavers (D)
  4 stone giants (D)
  2 black draconians (D)
  9 vampire knights (D)
  A green draconian (D)
  A deep elf annihilator (D)
  4 yellow draconians (D)
  Azrael (D)
  2 purple draconians (D)
  2 red draconians (D)
  6 white draconians (D)
  6 mummy priests (D)
  3 deep elf death magi (D)
  An ettin (D)
  Snorg (D)
  3 merfolk javelineers (D)
  5 fire dragons (D)
  8 death oozes (D)
  A great orb of eyes (D)
  A deep elf high priest (D)
  4 merfolk impalers (D)
  4 yaktaur captains (D)
  25 vault guards (D)
  4 naga warriors (D)
  A rakshasa (D)
  Harold (D)
  8 ice dragons (D)
  7 hydras (D)
  A shambling mangrove (D)
  An anaconda (D)
  2 merfolk avatars (D)
  A death knight (D)
  4 centaur warriors (D)
  2 ogre magi (D)
  2 merfolk aquamancers (D)
  An alligator (D)
  3 large abominations (D)
  A tengu warrior (D)
  2 two-headed ogres (D)
  A vampire mage (D)
  A naga sharpshooter (D)
  7 orc high priests (D)
  2 spriggan berserkers (D)
  A shadow wraith (D)
  A shock serpent (D)
  5 hell knights (D)
  2 unseen horrors (D)
  A flayed ghost (D)
  A sea snake (D)
  7 swamp dragons (D)
  A glowing orange brain (D)
  7 orc knights (D)
  An ironbrand convoker (D)
  2 mana vipers (D)
  A harpy (D)
  3 necromancers (D)
  5 wolf spiders (D)
  A deep elf mage (D)
  An oklob plant (D)
  2 manticores (D)
  3 ugly things (D)
  2 cyclopes (D)
  8 elephants (D)
  14 moths of wrath (D)
  4 naga magi (D)
  A black mamba (D)
  4 spiny frogs (D)
  3 vault sentinels (D)
  A guardian serpent (D)
  3 freezing wraiths (D)
  A yaktaur (D)
  3 demonic crawlers (D)
  A hellwing (D)
  17 guardian mummies (D)
  2 tengu conjurers (D)
  3 jumping spiders (D)
  A wandering mushroom (D)
  A troll (D)
  5 merfolk (D)
  2 tyrant leeches (D)
  A wind drake (D)
  2 raiju (D)
  2 hornets (D)
  A hippogriff (D)
  A small abomination (D)
  11 spriggans (D)
  A wraith (D)
  2 tarantellas (D)
  A water elemental (D)
  A yak (D)
  A vampire (D)
  A fire bat (shapeshifter) (D)
  A hungry ghost (D)
  A golden eye (D)
  2 fire elementals (D)
  A vampire mosquito (D)
  2 nagas (D)
  2 insubstantial wisps (D)
  An acid dragon (D)
  2 hell hounds (D)
  3 water moccasins (D)
  2 porcupines (D)
  6 orc warriors (D)
  A necrophage (D)
  An eye of draining (D)
  An ogre (D)
  4 centaurs (D)
  2 crocodiles (D)
  4 bullfrogs (D)
  9 orc priests (D)
  3 orc wizards (D)
  A worker ant (D)
  A shadow imp (D)
  A white imp (D)
  A worm (shapeshifter) (D)
  7 ball lightnings (D)
  A leopard gecko (D)
  11 orcs (D)
  2 bat skeletons (D)
  A goblin (D)
  A kobold (D)
  A frilled lizard (D)
  A giant cockroach simulacrum (D)
  A rat (D)
528 creatures vanquished.

Vanquished Creatures (others)
  An orb of fire (D)
  A fire elemental (D)
2 creatures vanquished.

Grand Total: 530 creatures vanquished

Notes
Turn   | Place    | Note
-------+----------+-------------------------------------------
     0 | D        | emperorscorpion the Minotaur Hunter began the quest for the
                  | Orb.
     0 | D        | Reached XP level 1. HP: 18/18 MP: 0/0
    18 | D        | Reached skill level 5 in Throwing
   149 | D        | Noticed a centaur
   149 | D        | Noticed a necrophage
   154 | D        | Killed a centaur
   154 | D        | Reached XP level 2. HP: 27/27 MP: 1/1
   154 | D        | Reached XP level 3. HP: 33/33 MP: 2/2
   154 | D        | Reached XP level 4. HP: 40/40 MP: 3/3
   162 | D        | Killed a necrophage
   162 | D        | Reached skill level 10 in Throwing
   162 | D        | Reached XP level 5. HP: 46/46 MP: 4/4
   174 | D        | Found a roughly hewn altar of Beogh.
   174 | D        | Found a snail-covered altar of Cheibriados.
   174 | D        | Found a shadowy altar of Dithmenos.
   174 | D        | Found a white marble altar of Elyvilon.
   174 | D        | Found a blossoming altar of Fedhas.
   174 | D        | Found an opulent altar of Gozag.
   175 | D        | Found a hazy altar of Hepliaklqana.
   176 | D        | Found a viscous altar of Jiyva.
   177 | D        | Found an ancient bone altar of Kikubaaqudgha.
   178 | D        | Found a corrupted altar of Lugonu.
   179 | D        | Found a burning altar of Makhleb.
   180 | D        | Found a sparkling altar of Nemelex Xobeh.
   181 | D        | Found an iron altar of Okawaru.
   182 | D        | Found a stormy altar of Qazlal.
   183 | D        | Found a sacrificial altar of Ru.
   184 | D        | Found a deep blue altar of Sif Muna.
   185 | D        | Found a bloodstained altar of Trog.
   186 | D        | Found a hide-covered altar of Uskayaw.
   187 | D        | Found a radiant altar of Vehumet.
   188 | D        | Found an ornate altar of the Wu Jian Council.
   189 | D        | Found a shimmering altar of Xom.
   190 | D        | Found a basalt altar of Yredelemnul.
   191 | D        | Found a glowing silver altar of Zin.
   192 | D        | Found a glowing golden altar of the Shining One.
   197 | D        | Became a worshipper of Warmaster Okawaru
   241 | D        | Noticed an ogre
   241 | D        | Noticed a troll
   241 | D        | Noticed a centaur
   241 | D        | Noticed a two-headed ogre
   241 | D        | Noticed a wraith
   246 | D        | Killed an ogre
   246 | D        | Reached skill level 5 in Fighting
   246 | D        | Reached skill level 1 in Armour
   246 | D        | Reached XP level 6. HP: 29/55 MP: 5/5
   288 | D        | Killed a troll
   288 | D        | Reached * piety under Okawaru
   288 | D        | Reached skill level 5 in Dodging
   292 | D        | Killed a two-headed ogre
   292 | D        | Reached ** piety under Okawaru
   292 | D        | Reached XP level 7. HP: 21/65 MP: 5/7
   292 | D        | Reached XP level 8. HP: 24/72 MP: 5/8
   597 | D        | Noticed a cyclops
   597 | D        | Noticed a two-headed ogre
   610 | D        | Killed a cyclops
   610 | D        | Reached *** piety under Okawaru
   615 | D        | Killed a two-headed ogre
   615 | D        | Reached **** piety under Okawaru
   615 | D        | Received a gift from Okawaru
   615 | D        | Reached skill level 15 in Throwing
   615 | D        | Reached skill level 5 in Armour
   615 | D        | Reached XP level 9. HP: 54/81 MP: 8/10
   997 | D        | Noticed a spiny frog
  1003 | D        | Received a gift from Okawaru
  1003 | D        | Reached skill level 10 in Short Blades
  1007 | D        | Killed a spiny frog
  1020 | D        | Received a gift from Okawaru
  1020 | D        | Reached skill level 1 in Invocations
  1033 | D        | Noticed a five-headed hydra
  1040 | D        | Killed a five-headed hydra
  1040 | D        | Reached ***** piety under Okawaru
  1040 | D        | Received a gift from Okawaru
  1040 | D        | Reached skill level 10 in Fighting
  1040 | D        | Reached XP level 10. HP: 93/93 MP: 7/12
  1052 | D        | Noticed a black mamba
  1052 | D        | Noticed a spiny frog
  1052 | D        | Noticed an oklob plant
  1058 | D        | Killed a black mamba
  1064 | D        | Killed a spiny frog
  1072 | D        | Received a gift from Okawaru
  1078 | D        | Killed an oklob plant
  1078 | D        | Noticed a spiny frog
  1083 | D        | Killed a spiny frog
  1468 | D        | Noticed an elephant
  1468 | D        | Noticed an elephant
  1468 | D        | Noticed an elephant
  1468 | D        | Noticed an elephant
  1468 | D        | Noticed an elephant
  1468 | D        | Noticed an elephant
  1475 | D        | Killed an elephant
  1475 | D        | Reached skill level 1 in Stealth
  1481 | D        | Noticed an elephant
  1483 | D        | Killed an elephant
  1486 | D        | Killed an elephant
  1486 | D        | Reached skill level 10 in Armour
  1486 | D        | Reached skill level 1 in Shields
  1494 | D        | Killed an elephant
  1498 | D        | Killed an elephant
  1498 | D        | Reached XP level 11. HP: 82/103 MP: 13/13
  1904 | D        | Noticed an orc knight
  1904 | D        | Noticed an orc knight
  1909 | D        | Noticed an orc knight
  1913 | D        | Killed an orc knight
  1913 | D        | Noticed an orc high priest
  1915 | D        | Killed an orc knight
  1923 | D        | Killed an orc knight
  1954 | D        | Noticed a sixfirhy
  1967 | D        | Killed an orc high priest
  1967 | D        | Received a gift from Okawaru
  2061 | D        | Noticed an ettin
  2065 | D        | Killed an ettin
  2065 | D        | Reached skill level 5 in Shields
  2143 | D        | Found Nemowafe's Magic Scroll Emporium.
  2143 | D        | Noticed an orc high priest
  2143 | D        | Noticed an orc high priest
  2150 | D        | Noticed an orc high priest
  2155 | D        | Killed an orc high priest
  2155 | D        | Received a gift from Okawaru
  2162 | D        | Noticed an orc high priest
  2169 | D        | Killed an orc high priest
  2169 | D        | Reached skill level 5 in Invocations
  2170 | D        | Killed an orc high priest
  2178 | D        | Noticed a sun demon
  2178 | D        | Killed an orc high priest
  2180 | D        | Found Mymijana's Weapon Shoppe.
  2180 | D        | Noticed an orc high priest
  2189 | D        | Killed an orc high priest
  2189 | D        | Reached ****** piety under Okawaru
  2517 | D        | Found Roloeh's General Store.
  2521 | D        | Found Suureock's General Store.
  2525 | D        | Bought a scroll of blinking for 90 gold pieces
  2527 | D        | Noticed an orc high priest
  2529 | D        | Killed an orc high priest
  2529 | D        | Received a gift from Okawaru
  2529 | D        | Reached XP level 12. HP: 115/115 MP: 15/15
  2572 | D        | Bought 5 javelins of penetration for 120 gold pieces
  2575 | D        | Bought a scroll of immolation for 45 gold pieces
  2692 | D        | Got the +1 cloak of Tartarus {*Drain Str+8 Dex+7}
  2704 | D        | Got the +1 scale mail of Ycon {+Blink rF+ MR+}
  2745 | D        | Noticed a fire dragon
  2752 | D        | Killed a fire dragon
  2752 | D        | Received a gift from Okawaru
  2753 | D        | Noticed a centaur warrior
  2759 | D        | Noticed a stone giant
  2759 | D        | Noticed a fire dragon
  2763 | D        | Noticed a fire giant
  2765 | D        | Noticed a stone giant
  2768 | D        | Noticed a centaur warrior
  2775 | D        | Killed a stone giant
  2775 | D        | Reached skill level 5 in Stealth
  2785 | D        | Killed a centaur warrior
  2795 | D        | Killed a fire dragon
  2802 | D        | Killed a fire giant
  2809 | D        | Killed a stone giant
  2824 | D        | Killed a centaur warrior
  2824 | D        | Reached skill level 10 in Dodging
  3159 | D        | Noticed Snorg
  3163 | D        | Killed Snorg
  3239 | D        | Noticed a shambling mangrove
  3252 | D        | Killed a shambling mangrove
  3628 | D        | Received a gift from Okawaru
  3638 | D        | Reached XP level 13. HP: 121/124 MP: 10/17
  3672 | D        | Reached skill level 10 in Shields
  3685 | D        | Reached skill level 15 in Fighting
  4146 | D        | Noticed an entropy weaver
  4153 | D        | Killed an entropy weaver
  4171 | D        | Received a gift from Okawaru
  4232 | D        | Got a fine large shield {god gift}
  4233 | D        | Identified the -4 large shield of Okawaru {MR- Dex+8 Slay-4
                  | SInv} (Okawaru gifted it to you in the Dungeon)
  4454 | D        | Noticed Harold
  4457 | D        | Noticed Agnes
  4464 | D        | Killed Harold
  4471 | D        | Killed Agnes
  4550 | D        | Noticed a cyan very ugly thing
  4550 | D        | Noticed a golden dragon
  4553 | D        | Noticed a frost giant
  4559 | D        | Noticed a fire giant
  4566 | D        | Killed a cyan very ugly thing
  4567 | D        | Noticed a green very ugly thing
  4585 | D        | Killed a golden dragon
  4585 | D        | Reached skill level 15 in Shields
  4585 | D        | Reached skill level 10 in Invocations
  4598 | D        | Killed a frost giant
  4598 | D        | Reached XP level 14. HP: 84/140 MP: 14/20
  4600 | D        | Noticed a white very ugly thing
  4605 | D        | Killed a fire giant
  4605 | D        | Received a gift from Okawaru
  4606 | D        | Killed a green very ugly thing
  4606 | D        | Received a gift from Okawaru
  4615 | D        | Received a gift from Okawaru
  4618 | D        | Killed a white very ugly thing
  4618 | D        | Reached skill level 15 in Armour
  4649 | D        | Noticed a stone giant
  4674 | D        | Killed a stone giant
  4888 | D        | Noticed a lich
  4891 | D        | Killed a lich
  4918 | D        | Noticed an ironheart preserver
  4918 | D        | Noticed an ironheart preserver
  4934 | D        | Killed an ironheart preserver
  4934 | D        | Received a gift from Okawaru
  4934 | D        | Reached skill level 5 in Evocations
  4937 | D        | Killed an ironheart preserver
  4960 | D        | Identified a +2 pair of boots of running (Okawaru gifted it
                  | to you in the Dungeon)
  4976 | D        | Noticed a stone giant
  4982 | D        | Killed a stone giant
  5174 | D        | Noticed Rupert
  5175 | D        | Paralysed by Rupert for 3 turns
  5180 | D        | Killed Rupert
  5284 | D        | Got the +0 pair of gloves "Noblyeg" {Int+4 SInv}
  5391 | D        | Noticed Louise
  5399 | D        | Killed Louise
  5399 | D        | Received a gift from Okawaru
  5438 | D        | Noticed Ilsuiw
  5444 | D        | Reached skill level 1 in Polearms
  5463 | D        | Killed Ilsuiw
  5463 | D        | Reached XP level 15. HP: 99/154 MP: 23/23
  5472 | D        | Reached skill level 5 in Polearms
  5523 | D        | Received a gift from Okawaru
  5523 | D        | Reached skill level 10 in Polearms
  5560 | D        | Got a barnacled rune of Zot
  5628 | D        | Noticed a ghost moth
  5649 | D        | Killed a ghost moth
  5900 | D        | Got a gossamer rune of Zot
  5943 | D        | Noticed a nagaraja
  5943 | D        | Noticed a nagaraja
  5943 | D        | Noticed a nagaraja
  5957 | D        | Killed a nagaraja
  5957 | D        | Received a gift from Okawaru
  5962 | D        | Killed a nagaraja
  5963 | D        | Noticed a nagaraja
  5966 | D        | Killed a nagaraja
  5968 | D        | Noticed a nagaraja
  5973 | D        | Noticed a nagaraja
  5995 | D        | Killed a nagaraja
  5995 | D        | Reached skill level 15 in Dodging
  6002 | D        | Killed a nagaraja
  6006 | D        | Killed a nagaraja
  6148 | D        | Got a serpentine rune of Zot
  6193 | D        | Reached XP level 16. HP: 158/173 MP: 25/25
  6231 | D        | Got a decaying rune of Zot
  6274 | D        | Noticed Margery
  6277 | D        | Noticed Frederick
  6288 | D        | Killed Margery
  6288 | D        | Received a gift from Okawaru
  6288 | D        | Reached skill level 10 in Stealth
  6300 | D        | Killed Frederick
  6347 | D        | Noticed Jory
  6361 | D        | Killed Jory
  6483 | D        | Reached skill level 27 in Throwing
  6534 | D        | Received a gift from Okawaru
  6553 | D        | Got a heavily runed hat {god gift}
  6559 | D        | Identified the +2 hat of the Onion {+Inv Dex+4} (Okawaru
                  | gifted it to you in the Dungeon)
  6565 | D        | Reached skill level 27 in Fighting
  6565 | D        | Reached skill level 15 in Invocations
  6586 | D        | Noticed a shadow dragon
  6619 | D        | Killed a shadow dragon
  6631 | D        | Noticed a shadow dragon
  6632 | D        | Noticed a shadow dragon
  6663 | D        | Killed a shadow dragon
  6666 | D        | Killed a shadow dragon
  6677 | D        | Reached XP level 17. HP: 161/190 MP: 23/28
  6744 | D        | Noticed a titan
  6748 | D        | Noticed a golden dragon
  6751 | D        | Killed a golden dragon
  6754 | D        | Noticed a quicksilver dragon
  6757 | D        | Killed a titan
  6761 | D        | Received a gift from Okawaru
  6771 | D        | Killed a quicksilver dragon
  6789 | D        | Identified the +2 hat of Responsibility {rElec rF+ Dex+6}
                  | (Okawaru gifted it to you in the Dungeon)
  6889 | D        | Got a silver rune of Zot
  6897 | D        | Noticed Mennas
  6915 | D        | Killed Mennas
  7026 | D        | Got the ring of the Saviour {Ice Dex+2}
  7028 | D        | Got the ring of Sutrog {Wiz rN+ Str+3 Int+4}
  7038 | D        | Got the amulet of Xom's Ringing Laughter {rC+ Regen+ Int+6}
  7042 | D        | Got the ring "Lyloos" {rN+++ Str+3 Dex+3 Slay+3 Stlth+}
  7044 | D        | Got the ring of the Oligarchy {*Contam rPois rF+ Str+5
                  | Dex+2}
  7144 | D        | Noticed Xtahua
  7154 | D        | Killed Xtahua
  7175 | D        | Noticed Azrael
  7178 | D        | Killed Azrael
  7290 | D        | Noticed a quicksilver dragon
  7294 | D        | Killed a quicksilver dragon
  7374 | D        | Received a gift from Okawaru
  7402 | D        | Reached skill level 15 in Stealth
  7411 | D        | Received a gift from Okawaru
  7531 | D        | Noticed a quicksilver dragon
  7531 | D        | Noticed a tentacled monstrosity
  7548 | D        | Killed a tentacled monstrosity
  7550 | D        | Killed a quicksilver dragon
  7550 | D        | Reached XP level 18. HP: 193/199 MP: 32/32
  7603 | D        | Reached skill level 10 in Evocations
  7610 | D        | Noticed a tentacled monstrosity
  7618 | D        | Noticed an orb of fire
  7643 | D        | Killed an orb of fire
  7653 | D        | Killed a tentacled monstrosity
  7807 | D        | Received a gift from Okawaru
  7877 | D        | Got a steaming plate armour {god gift}
  7888 | D        | Identified the +1 plate armour "Kuddaq" {*Drain rElec rCorr
                  | Str+4} (Okawaru gifted it to you in the Dungeon)
  7989 | D        | Noticed an Orb Guardian
  7989 | D        | Noticed an Orb Guardian
  7989 | D        | Noticed an Orb Guardian
  7989 | D        | Noticed an Orb Guardian
  7989 | D        | Noticed an Orb Guardian
  7989 | D        | Noticed an Orb Guardian
  7993 | D        | Killed an Orb Guardian
  7994 | D        | Noticed an Orb Guardian
  7995 | D        | Killed an Orb Guardian
  7996 | D        | Noticed an Orb Guardian
  8001 | D        | Killed an Orb Guardian
  8005 | D        | Killed an Orb Guardian
  8009 | D        | Killed an Orb Guardian
  8012 | D        | Killed an Orb Guardian
  8016 | D        | Killed an Orb Guardian
  8017 | D        | Noticed an Orb Guardian
  8018 | D        | Noticed an Orb Guardian
  8022 | D        | Killed an Orb Guardian
  8033 | D        | Killed an Orb Guardian
  8042 | D        | Killed an Orb Guardian
  8047 | D        | Noticed an Orb Guardian
  8047 | D        | Noticed an Orb Guardian
  8049 | D        | Noticed an Orb Guardian
  8051 | D        | Noticed an Orb Guardian
  8057 | D        | Killed an Orb Guardian
  8065 | D        | Killed an Orb Guardian
  8079 | D        | Killed an Orb Guardian
  8079 | D        | Received a gift from Okawaru
  8086 | D        | Killed an Orb Guardian
  8086 | D        | Reached skill level 15 in Evocations
  8089 | D        | Got a dazzling rapier {god gift}
  8090 | D        | Identified the +7 rapier of Vanity {speed, -Tele rC+ MP+9
                  | Int+5} (Okawaru gifted it to you in the Dungeon)
  8101 | D        | Noticed an ancient lich
  8112 | D        | Killed an ancient lich
  8112 | D        | Reached XP level 19. HP: 206/206 MP: 7/34
  8115 | D        | Noticed an orb of fire
  8121 | D        | Gained mutation: You are clumsy. (Dex -2) [an orb of fire]
  8125 | D        | Killed an orb of fire
  8125 | D        | Received a gift from Okawaru
  8129 | D        | Noticed an electric golem
  8135 | D        | Killed an electric golem
  8144 | D        | Noticed an electric golem
  8144 | D        | Noticed an ancient lich
  8161 | D        | Killed an electric golem
  8185 | D        | Killed an ancient lich
  8186 | D        | Noticed an orb of fire
  8191 | D        | Noticed an ancient lich
  8197 | D        | Noticed an orb of fire
  8205 | D        | Noticed a Killer Klown
  8209 | D        | Killed an orb of fire
  8209 | D        | Reached skill level 27 in Shields
  8220 | D        | Killed an ancient lich
  8220 | D        | Received a gift from Okawaru
  8220 | D        | Gained mutation: Armour fits poorly on your strangely
                  | shaped body. [an orb of fire]
  8228 | D        | Killed an orb of fire
  8228 | D        | Received a gift from Okawaru
  8228 | D        | Reached skill level 15 in Polearms
  8240 | D        | Killed a Killer Klown
  8431 | D        | Received a gift from Okawaru
  8527 | D        | Reached XP level 20. HP: 215/215 MP: 35/35
  8547 | D        | Got an ebony trident {god gift}
  8548 | D        | Identified the +1 trident "Saj Nomn" {pierce, MP+9 Stlth+}
                  | (Okawaru gifted it to you in the Dungeon)
  8649 | D        | Noticed an ancient lich
  8676 | D        | Killed an ancient lich
  8767 | D        | Received a gift from Okawaru
  8789 | D        | Received a gift from Okawaru
  8853 | D        | Got an elven rune of Zot
  8857 | D        | Got a scorched hat {god gift}
  8868 | D        | Identified the +1 hat of Boredom {Str+2 Int+5} (Okawaru
                  | gifted it to you in the Dungeon)
  8894 | D        | Reached skill level 27 in Dodging
  8900 | D        | Noticed the Royal Jelly
  8906 | D        | Killed the Royal Jelly
  9026 | D        | Reached skill level 27 in Polearms
  9026 | D        | Reached skill level 27 in Stealth
  9067 | D        | Got a slimy rune of Zot
  9324 | D        | Reached XP level 21. HP: 193/223 MP: 36/36
  9336 | D        | Received a gift from Okawaru
  9370 | D        | Paralysed by a sphinx for 4 turns
  9587 | D        | Noticed a greater mummy
  9612 | D        | Killed a greater mummy
  9612 | D        | Reached skill level 27 in Invocations
  9612 | D        | Reached skill level 27 in Evocations
  9615 | D        | Reached skill level 1 in Spellcasting
  9644 | D        | Noticed a greater mummy
  9644 | D        | Noticed a greater mummy
  9644 | D        | Noticed a greater mummy
  9644 | D        | Noticed a greater mummy
  9646 | D        | Killed a greater mummy
  9654 | D        | Killed a greater mummy
  9654 | D        | Received a gift from Okawaru
  9654 | D        | Reached skill level 5 in Spellcasting
  9655 | D        | Killed a greater mummy
  9655 | D        | Reached skill level 10 in Unarmed Combat
  9663 | D        | Killed a greater mummy
  9835 | D        | Got a golden rune of Zot
  9877 | D        | Got an abyssal rune of Zot
 10000 | D        | Noticed Geryon
 10014 | D        | Killed Geryon
 10020 | D        | Noticed Gloorx Vloq
 10020 | D        | Identified the +4 staff of Dispater
 10020 | D        | Noticed Dispater
 10022 | D        | Noticed Lom Lobon
 10028 | D        | Killed Gloorx Vloq
 10028 | D        | Reached skill level 27 in Armour
 10039 | D        | Noticed Mnoleg
 10041 | D        | Killed Lom Lobon
 10041 | D        | Reached skill level 15 in Unarmed Combat
 10041 | D        | Reached skill level 10 in Spellcasting
 10047 | D        | Killed Dispater
 10061 | D        | Noticed Antaeus
 10073 | D        | Killed Mnoleg
 10073 | D        | Received a gift from Okawaru
 10073 | D        | Received a gift from Okawaru
 10078 | D        | Identified the +6 sword of Cerebov {flame}
 10078 | D        | Noticed Cerebov
 11276 | D        | HP: 9/219 [Cerebov/the +6 sword of Cerebov {flame} (33)]
 11278 | D        | Killed Cerebov
 11278 | D        | Reached XP level 22. HP: 9/228 MP: 33/39
 11573 | D        | Noticed Ereshkigal
 11597 | D        | Killed Ereshkigal
 11597 | D        | Reached skill level 15 in Spellcasting
 11687 | D        | HP: 2/228 [Antaeus (15)]
 11692 | D        | Killed from afar by Antaeus

Vault maps used:
D:        linesprint

Skill      XL: |  1  2  3  4  5  6  7  8  9 10 11 12 13 14 15 16 17 18 19 20 21 22 |
---------------+-------------------------------------------------------------------+-----
Throwing       | 8 10 11 14 15 16 18 20 21 24 27 | 27.0
Fighting       | 3 4 5 7 8 10 11 13 14 17 20 24 27 | 27.0
Short Blades   | 2 3 6 9 12 14 | 14.1
Dodging        | 3 4 6 7 8 9 10 11 13 15 18 22 24 26 27 | 27.0
Armour         | 1 3 5 7 10 12 13 14 15 17 18 20 21 22 27 | 27.0
Evocations     | 2 3 4 5 9 15 19 24 27 | 27.0
Invocations    | 1 3 5 7 10 12 14 16 22 24 25 27 | 27.0
Stealth        | 1 4 6 7 9 11 15 19 23 27 | 27.0
Shields        | 1 6 9 15 17 24 27 | 27.0
Polearms       | 3 14 19 27 | 27.0
Staves         | 2 |  2.9
Unarmed Combat | 21 22 | 22.5
Spellcasting   | 14 15 | 15.7

Action                   |  1- 3 |  4- 6 |  7- 9 | 10-12 | 13-15 | 16-18 | 19-21 | 22-24 || total
-------------------------+-------+-------+-------+-------+-------+-------+-------+-------++-------
Melee: Short sword       |    18 |    12 |       |       |       |       |       |       ||    30
       Headbutt          |     2 |     2 |    19 |    78 |   147 |   181 |   176 |    24 ||   629
       Rapier            |       |     8 |    71 |   224 |   201 |       |       |       ||   504
       Punch             |       |       |     3 |     1 |       |       |       |       ||     4
       Demon trident     |       |       |       |       |   250 |   540 |   607 |    59 ||  1456
Throw: Javelin           |       |       |     3 |    53 |    37 |   138 |    74 |     7 ||   312
       Tomahawk          |       |       |       |    26 |    77 |       |       |       ||   103
       Throwing net      |       |       |       |     3 |       |     2 |     4 |       ||     9
Invok: Heroism           |       |       |     5 |     8 |     7 |     8 |     7 |     1 ||    36
       Finesse           |       |       |       |     3 |     3 |     5 |     5 |     1 ||    17
 Abil: Evoke Blink       |       |       |       |       |     1 |       |       |       ||     1
Evoke: Wand              |       |     7 |       |     1 |       |       |       |       ||     8
       Horn of Geryon    |       |       |       |       |       |       |     1 |       ||     1
  Use: Potion            |     2 |       |       |       |       |       |     1 |       ||     3
       Scroll            |       |     1 |     1 |     1 |     1 |     2 |     1 |       ||     7
 Stab: Held in net/web   |       |       |       |     1 |       |     2 |     4 |       ||     7
       Sleeping          |       |       |       |     1 |     1 |    13 |    22 |       ||    37
       Distracted        |       |       |       |     1 |       |       |     2 |     1 ||     4
  Eat: Chunk             |       |       |       |     8 |     7 |     8 |     5 |       ||    28
       Ration            |       |       |       |       |       |       |     1 |     1 ||     2
Armor: Leather armour    |     3 |     1 |       |       |       |       |       |       ||     4
       Chain mail        |       |     1 |    12 |    16 |       |       |       |       ||    29
       Scale mail        |       |       |       |    12 |    32 |    17 |    28 |     3 ||    92
Dodge: Dodged            |    11 |     8 |    21 |    58 |   170 |   128 |    90 |     6 ||   492
Block: Shield            |       |       |       |    72 |   207 |   201 |   170 |    11 ||   661

Table legend:
 A = Non-vault XP
 B = Vault XP
 C = Vault XP percentage of total XP
 D = Non-vault monster count
 E = Vault monster count
 F = Vault count percentage of total count
                 A         B        C        D         E       F
            +---------+---------+-------+---------+---------+-------
      Total |    1178 |  734894 |  99.8 |       9 |     514 |  98.3
            +---------+---------+-------+---------+---------+-------
          D |    1178 |  734894 |  99.8 |       9 |     514 |  98.3
            +---------+---------+-------+---------+---------+-------
